 Dungeon Crawl Stone Soup version 0.19.0-11-g3fc08b3 (webtiles) character file.

105616 dobroeutro the Severer (level 15, -5/141 HPs)
             Began as a Minotaur Berserker on Nov 8, 2016.
             Was a High Priest of Trog.
             Slain by an ettin
             ... wielding a +0 dire flail
              (19 damage)
             ... on level 2 of the Orcish Mines.
             The game lasted 00:39:39 (20707 turns).

dobroeutro the Severer (Minotaur Berserker)        Turns: 20707, Time: 00:39:40

Health: -5/141     AC: 22    Str: 28      XL:     15   Next: 95%
Magic:  14/14      EV: 17    Int:  4      God:    Trog [*****.]
Gold:   2096       SH:  0    Dex: 13 (14) Spells: 0 memorised, 14 levels left

rFire  . . .     SeeInvis +     F - +6 executioner's axe (flame)
rCold  + + .     Gourm    .     E - +2 chain mail {rPois}
rNeg   + + .     Faith    .     (shield currently unavailable)
rPois  +         Spirit   .     g - +0 hat
rElec  +         Reflect  .     M - +0 cloak "Qeshahiv" {rElec Str+2 Dex-2 Slay+2}
rCorr  .         Harm     .     Y - +0 pair of gloves
MR     +....     Clarity  +     J - +0 pair of boots of the Sea {rN++ Str+2 Int-2} (curse)
Stlth  ..........               (no amulet)
                                G - ring of protection from cold
                                H - ring of see invisible

@: no status effects
A: retaliatory headbutt, horns 2, slimy green scales 1, agile 1, clarity, clever
1, cold resistance 1, deterioration 1, mutation resistance 1, screaming 1,
sturdy frame 1
a: Berserk, Trog's Hand, Brothers in Arms, Burn Spellbooks, Renounce Religion


You were on level 2 of the Orcish Mines.
You worshipped Trog.
Trog was extremely pleased with you.
You were not hungry.

You visited 3 branches of the dungeon, and saw 23 of its levels.
You also visited: Labyrinth and Ice Cave.

You collected 2783 gold pieces.
You spent 687 gold pieces at shops.

Inventory:

Hand Weapons
 x - the +2 hand axe "Hydrabane" {flame, Str+3}
   (You bought it in a shop on level 4 of the Dungeon)

   It has been specially enchanted to burn those struck by it, causing extra
   injury to most foes and up to half again as much damage against particularly
   susceptible opponents.
   Big, fiery blades are also staple armaments of hydra-hunters.
   It affects your strength (+3).
 F - a +6 executioner's axe of flaming (weapon)
 P - the +8 frozen axe "Frostbite" {freezing cloud, *Noise +Fly rC+}
   (Trog gifted it to you on level 6 of the Lair of Beasts)

   It has been specially enchanted to freeze those struck by it, causing extra
   injury to most foes and up to half again as much damage against particularly
   susceptible opponents.
   It can also slow down cold-blooded creatures.
   It protects you from cold.
   It lets you fly.
   It may make noises in combat.
Armour
 g - a +0 hat (worn)
 E - a +2 chain mail of poison resistance (worn)
 J - the cursed +0 pair of boots of the Sea (worn) {rN++ Str+2 Int-2}
   (You found it on level 1 of the Lair of Beasts)

   It affects your strength (+2).
   It affects your intelligence (-2).
   It greatly protects you from negative energy.
   It has a curse placed upon it.
 M - the +0 cloak "Qeshahiv" (worn) {rElec Str+2 Dex-2 Slay+2}
   (You found it in a labyrinth)

   It affects your strength (+2).
   It affects your dexterity (-2).
   It affects your accuracy and damage with ranged weapons and melee attacks
   (+2).
   It insulates you from electricity.
 T - a +0 scale mail of magic resistance
 V - the +4 ring mail of the Wilderness {Dex+3}
   (You found it in an ice cave)

   It affects your dexterity (+3).
 Y - a +0 pair of gloves (worn)
Rods
 L - a +4 rod of ignition (14/14)
   (You found it in a labyrinth)
Jewellery
 G - a ring of protection from cold (right hand)
 H - a ring of see invisible (left hand)
 S - an uncursed ring of resist corrosion
Wands
 k - a wand of slowing (9/48)
 m - a wand of iceblast (8/15)
 D - a wand of disintegration (18/24)
 K - a wand of lightning (7/15)
 Q - a wand of paralysis (12/24)
 U - a wand of flame (37/48)
 W - a wand of lightning (6/15)
 X - a wand of flame (30/48)
Scrolls
 d - 14 scrolls of remove curse
 h - 7 scrolls of teleportation
 i - 9 scrolls of identify
 n - 8 scrolls of recharging
 q - a scroll of blinking
 r - 6 scrolls of fog
 t - 4 scrolls of enchant armour
 u - 2 scrolls of noise
 v - 2 scrolls of magic mapping
 y - 3 scrolls of fear
Potions
 a - a potion of flight
 e - 3 potions of magic
 f - 6 potions of haste
 j - 2 potions of cancellation
 l - a potion of berserk rage
 o - a potion of invisibility
 s - a potion of agility
 w - a potion of brilliance
 A - 3 potions of lignification
 C - 6 potions of curing
 O - 2 potions of mutation
 R - a potion of might
Miscellaneous
 N - a phial of floods
Comestibles
 c - 11 bread rations
 p - 8 meat rations
 z - 4 fruits
 B - 11 slices of pizza


   Skills:
 + Level 15.1 Fighting
 * Level 20.6 Axes
 + Level 15.0 Armour
 + Level 14.0 Dodging


You had 14 spell levels left.
You didn't know any spells.

Dungeon Overview and Level Annotations

Branches:
Dungeon (15/15)            Temple (0/1) D:4            Lair (6/6) D:9
  Swamp (0/4) Lair:3        Snake (0/4) Lair:3        Slime (0/5) Lair:6
    Orc (2/2) D:9             Elf (0/3) Orc:2        Depths (0/5) D:15
 Vaults: D:13-14

Altars:
Dithmenos
Fedhas
Gozag
Makhleb
Okawaru
Qazlal
Ru
Uskayaw
Vehumet
Zin
The Shining One
Beogh

Shops:
D:4 ((:[}   D:8 =?*   D:12 %   D:15 [   Orc:2 *[(

Portals:
Hell: Lair:6

Annotations:
D:14 2 exclusions


Innate Abilities, Weirdness & Mutations

You reflexively headbutt those who attack you in melee.
You have a pair of horns on your head.
You are partially covered in slimy green scales. (AC +2)
You are agile. (Dex +2)
You possess an exceptional clarity of mind.
Your mind is acute. (Int +2)
Your flesh is cold resistant. (rC+)
Your body sometimes deteriorates upon taking damage.
You are somewhat resistant to further mutation.
You occasionally shout uncontrollably at your foes.
Your movements are slightly less encumbered by armour. (ER -2)


Message History

The cyclops closely misses you.
Found an escape hatch in the ceiling.
You feel much better. The ettin misses you. You furiously retaliate!
You headbutt the ettin! The ettin hits you with a dire flail!
* * * LOW HITPOINT WARNING * * *
The cyclops barely misses you. The cyclops hits you.
* * * LOW HITPOINT WARNING * * *
You feel much better. The ettin hits you with a dire flail!!!
* * * LOW HITPOINT WARNING * * *
The ettin barely misses you.
You feel much better. The cyclops hits you!
* * * LOW HITPOINT WARNING * * *
The cyclops hits you but does no damage.
The ettin hits you with a dire flail!!
* * * LOW HITPOINT WARNING * * *
The ettin hits you but does no damage.
You feel much better. The cyclops hits you!
* * * LOW HITPOINT WARNING * * *
The ettin hits you with a dire flail!!
You die...

.....#####...#####.....
<.......................
.............#.#.....#..
..........(##.#......#..
..P.....#...............
..P.P.........#..#...#..
..........(.(.....#.....
.......C((###....###....
.......@..# ##..#####...
....∩.CC.P###.....##....
........P.##.......#....
......8....##.##........
...P.P....#######..#.#..
.P.......## ######..
...P.P.##. ##. ..#.... .
## #


You could see an ettin and 2 cyclopes.

Vanquished Creatures
  Saint Roka (Orc:2)
  Gastronok (Lair:2)
  Kirke (Lair:4)
  A stone giant (Orc:2)
  A dire elephant (Lair:6)
  A minotaur (Lab)
  Snorg (Orc:2)
  An ettin (Orc:2)
  Josephine (D:13)
  An ogre mage (D:15)
  Fannar (D:10)
  8 hydras
  2 centaur warriors (D:15)
  The ghost of Britaniac the Thaumaturge, a journeyman GrEE of Vehumet (IceCv)
  Erica (Orc:1)
  3 death yaks (Lair:6)
  2 tengu warriors
  2 unseen horrors
  Nergalle (Lair:4)
  2 wizards
  Pikel (D:7)
  7 hill giants
  2 orc knights
  2 necromancers
  2 wolf spider zombies
  4 deep elf magi
  A manticore (D:14)
  An orc sorcerer (D:15)
  7 ugly things
  6 cyclopes
  9 elephants
  3 ice statues (IceCv)
  Joseph (D:7)
  Maurice (Orc:1)
  A torpor snail (Lair:5)
  4 black mambas
  2 gargoyles
  9 spiny frogs
  An orange demon (Lair:6)
  A kobold demonologist (D:12)
  5 komodo dragons
  5 yaktaurs (D:15)
  6 rime drakes
  A freezing wraith (D:14)
  A hellwing (Lair:6)
  A red devil (Lair:6)
  12 ice devils
  3 meliai (D:14)
  A tengu conjurer (D:13)
  A harpy zombie (D:15)
  A wolf spider simulacrum (D:15)
  2 hornets (shapeshifter)
  3 trolls
  7 two-headed ogres
  The ghost of p0werm0de the Insei, an amateur DsCK of Xom (D:4)
  7 slime creatures
  A polar bear (Lair:6)
  14 blink frogs
  Grinder (D:3)
  A minotaur skeleton (Lab)
  13 hippogriffs
  2 shadows
  4 water elementals (D:12)
  A spriggan (D:8)
  6 wraiths
  11 wyverns
  53 yaks
  3 hogs (Lair:4)
  9 basilisks
  2 hungry ghosts
  13 vampire mosquitoes
  A warg (Orc:1)
  5 swamp worms (Lair:3)
  2 nagas (Lair:3)
  A hell hound (Lair:4)
  2 insubstantial wisps (D:13)
  12 water moccasins
  A swamp drake (D:13)
  3 ice beasts
  10 porcupines
  A slave (D:7)
  27 orc warriors
  7 sky beasts
  2 necrophages
  16 ogres
  An eye of draining (D:11)
  10 wolves
  2 phantoms
  25 centaurs
  11 crocodiles
  2 big kobolds
  17 bullfrogs
  A gnoll sergeant (D:8)
  A wyvern zombie (D:11)
  A wyvern skeleton (D:9)
  4 scorpions
  An electric eel (Lair:3)
  9 wights
  2 howler monkeys (D:9)
  2 bullfrog zombies
  5 centaur zombies
  6 crimson imps
  3 draconian simulacra (IceCv)
  11 hounds
  A quasit (D:11)
  5 centaur skeletons
  14 jellies
  14 orc priests
  20 orc wizards
  2 bullfrog skeletons (D:11)
  Ijyb (D:2)
  4 iguanas
  2 troll simulacra (IceCv)
  8 worker ants
  3 hound skeletons
  4 mummies (D:8)
  15 adders
  15 gnolls
  5 naga simulacra (IceCv)
  4 shadow imps
  5 oozes
  3 adder zombies
  3 worms
  2 dart slugs
  5 leopard geckos
  88 orcs
  5 bats
  4 giant cockroaches
  4 goblins
  7 hobgoblins
  26 kobolds
  3 quokkas
  2 ball pythons
  7 frilled lizards
  A jackal zombie (D:9)
  A leopard gecko zombie (D:8)
  10 rats
  A fungus (D:9)
  4 plants
791 creatures vanquished.

Vanquished Creatures (collateral kills)
  A dire elephant (Lair:6)
  A hydra (Lair:4)
  A hell beast (Lair:6)
  An orc sorcerer (Orc:2)
  An elephant (Lair:6)
  An orange demon (Lair:6)
  A komodo dragon (Lair:6)
  2 ice devils (Lair:6)
  A troll (Orc:2)
  A red devil (Lair:6)
  2 hippogriffs (Lair:4)
  5 yaks (Lair:6)
  4 basilisks (Lair:4)
  2 orc warriors (Orc:2)
  An ogre (Orc:2)
  An orc wizard (Orc:2)
  An orc priest (Orc:2)
27 creatures vanquished.

Vanquished Creatures (others)
  A centaur zombie (D:15)
  A centaur (D:15)
  12 fungi
  A plant (Lair:2)
15 creatures vanquished.

Grand Total: 833 creatures vanquished

Notes
Turn   | Place    | Note
-------+----------+-------------------------------------------
     0 | D:1      | dobroeutro the Minotaur Berserker began the quest for the Orb.
     0 | D:1      | Reached XP level 1. HP: 19/19 MP: 0/0
    99 | D:1      | Reached skill level 4 in Axes
   213 | D:1      | Reached XP level 2. HP: 19/26 MP: 1/1
   856 | D:2      | Reached skill level 5 in Axes
   867 | D:2      | Noticed Ijyb
   877 | D:2      | Killed Ijyb
   877 | D:2      | Reached XP level 3. HP: 26/31 MP: 2/2
   886 | D:2      | Reached ** piety under Trog
   937 | D:2      | Reached XP level 4. HP: 12/39 MP: 3/3
   938 | D:2      | Found an opulent altar of Gozag.
   941 | D:2      | Reached skill level 6 in Axes
  1950 | D:3      | Reached skill level 7 in Axes
  1950 | D:3      | Reached XP level 5. HP: 32/45 MP: 4/4
  2308 | D:3      | Noticed Grinder
  2315 | D:3      | Killed Grinder
  2315 | D:3      | Reached skill level 8 in Axes
  2315 | D:3      | Reached XP level 6. HP: 51/51 MP: 5/5
  2465 | D:3      | Noticed a sky beast
  2481 | D:3      | Killed a sky beast
  2481 | D:3      | Reached skill level 9 in Axes
  2650 | D:4      | Found Gioshe's Gadget Boutique.
  2652 | D:4      | Found Ibottumunt's Antique Armour Shop.
  2680 | D:4      | Found Ygump's Antique Weapon Shop.
  2703 | D:4      | Reached XP level 7. HP: 57/57 MP: 6/6
  2709 | D:4      | Found Houvext's Antique Weapon Emporium.
  2758 | D:4      | Found a staircase to the Ecumenical Temple.
  2765 | D:4      | Reached skill level 10 in Axes
  2800 | D:4      | Found Bicer's Book Emporium.
  2802 | D:4      | Noticed p0werm0de's ghost (amateur DsCK)
  2811 | D:4      | Killed p0werm0de's ghost
  2811 | D:4      | Reached *** piety under Trog
  2818 | D:4      | Reached skill level 11 in Axes
  2953 | D:4      | Reached XP level 8. HP: 62/64 MP: 7/7
  3152 | D:4      | Bought a smoking hand axe for 192 gold pieces
  3152 | D:4      | Identified the +2 hand axe "Hydrabane" {flame, Str+3} (You bought it in a shop on level 4 of the Dungeon)
  3163 | D:5      | Entered Level 5 of the Dungeon
  3188 | D:5      | Gained mutation: You are weak. (Str -2) [mutagenic meat]
  3189 | D:5      | Gained mutation: You possess an exceptional clarity of mind. [mutagenic meat]
  3190 | D:5      | Gained mutation: Your movements are slightly less encumbered by armour. (ER -2) [mutagenic meat]
  3232 | D:5      | Reached skill level 12 in Axes
  4243 | D:6      | Reached skill level 13 in Axes
  4292 | D:6      | Found an iron altar of Okawaru.
  4319 | D:6      | Found a glowing golden altar of the Shining One.
  4406 | D:6      | Noticed an angel
  4407 | D:6      | Found a glowing silver altar of Zin.
  4833 | D:6      | Reached XP level 9. HP: 36/70 MP: 8/8
  4925 | D:7      | Reached **** piety under Trog
  5018 | D:7      | Noticed Pikel
  5034 | D:7      | Killed Pikel
  5034 | D:7      | Reached skill level 14 in Axes
  5131 | D:7      | Got an ancient leather armour
  5142 | D:7      | Identified the +2 leather armour of Optimism {-Cast +Inv Dex+3} (You found it on level 7 of the Dungeon)
  5203 | D:7      | Reached skill level 5 in Fighting
  5221 | D:7      | Found a sacrificial altar of Ru.
  5260 | D:7      | Found a hide-covered altar of Uskayaw.
  5340 | D:7      | Noticed Joseph
  5349 | D:7      | Killed Joseph
  5550 | D:8      | Reached skill level 5 in Armour
  5572 | D:8      | Found Miemn's Magic Scroll Boutique.
  5660 | D:8      | Reached skill level 5 in Dodging
  5685 | D:8      | Found Cibonlix's General Store.
  5714 | D:8      | Reached XP level 10. HP: 83/83 MP: 9/9
  5827 | D:8      | Reached ***** piety under Trog
  6443 | D:8      | Found Ihoeqi's Jewellery Shoppe.
  6446 | D:8      | Bought an uncursed ring of see invisible for 195 gold pieces
  6520 | D:9      | Found Rymo's Changing Room.
  6545 | D:9      | Found a staircase to the Lair.
  6780 | D:9      | Found a stormy altar of Qazlal.
  6780 | D:9      | Found a blossoming altar of Fedhas.
  6785 | D:9      | Found a faded altar of an unknown god.
  6787 | D:9      | Found a faded altar of an unknown god.
  6788 | D:9      | Found a radiant altar of Vehumet.
  6890 | D:9      | Found a roughly hewn altar of Beogh.
  7027 | D:9      | Found a staircase to the Orcish Mines.
  7383 | D:10     | Entered Level 10 of the Dungeon
  7395 | D:10     | Reached skill level 15 in Axes
  7483 | D:10     | Noticed Fannar
  7500 | D:10     | Killed Fannar
  7510 | D:10     | Gained mutation: You occasionally shout uncontrollably at your foes. [mutagenic meat]
  7511 | D:10     | Gained mutation: Your body sometimes deteriorates upon taking damage. [mutagenic meat]
  7512 | D:10     | Gained mutation: Your flesh is cold resistant. (rC+) [mutagenic meat]
  7515 | D:10     | Gained mutation: You are partially covered in slimy green scales. (AC +2) [mutagenic meat]
  7561 | D:10     | Reached XP level 11. HP: 93/95 MP: 10/10
  7645 | D:10     | Received a gift from Trog
  8003 | D:11     | Found a labyrinth entrance.
  8046 | Lab      | Entered a labyrinth
  8387 | Lab      | Noticed a minotaur
  8399 | Lab      | Killed a minotaur
  8423 | Lab      | Got a faintly glowing cloak
  8427 | D:11     | Identified a +4 rod of ignition (14/14) (You found it in a labyrinth)
  8437 | D:11     | Identified the cursed +0 cloak "Qeshahiv" {rElec Str+2 Dex-2 Slay+2} (You found it in a labyrinth)
  8653 | D:11     | Received a gift from Trog
  8668 | D:11     | Reached ****** piety under Trog
  8701 | D:11     | Noticed a green ugly thing
  8707 | D:11     | Killed a green ugly thing
  9065 | D:4      | Bought a runed battleaxe for 300 gold pieces
  9379 | D:12     | Noticed a hill giant
  9384 | D:12     | Killed a hill giant
  9390 | D:12     | Reached skill level 10 in Fighting
  9453 | D:12     | Found Siuphyaz's Food Shoppe.
  9702 | D:12     | Reached skill level 16 in Axes
  9710 | D:12     | Reached XP level 12. HP: 96/106 MP: 11/11
  9835 | D:12     | Reached skill level 10 in Armour
 10200 | D:13     | Received a gift from Trog
 10251 | D:13     | Reached skill level 10 in Dodging
 10306 | D:13     | Noticed Josephine
 10314 | D:13     | Killed Josephine
 10852 | D:13     | Received a gift from Trog
 10862 | D:13     | Noticed a tengu warrior
 10870 | D:13     | Killed a tengu warrior
 10988 | D:14     | Gained mutation: You are agile. (Dex +2) [mutagenic meat]
 10990 | D:14     | Lost mutation: You are weak. (Str -2) [mutagenic meat]
 10991 | D:14     | Gained mutation: You are somewhat resistant to further mutation. [mutagenic meat]
 10993 | D:14     | Gained mutation: Your mind is acute. (Int +2) [mutagenic meat]
 11069 | D:14     | Reached XP level 13. HP: 107/117 MP: 12/12
 11172 | D:14     | Reached skill level 17 in Axes
 11906 | Lair:1   | Entered Level 1 of the Lair of Beasts
 12034 | Lair:1   | Got a pair of scorched boots
 12045 | Lair:1   | Identified the cursed +0 pair of boots of the Sea {rN++ Str+2 Int-2} (You found it on level 1 of the Lair of Beasts)
 12172 | Lair:1   | Received a gift from Trog
 13316 | Lair:2   | Noticed Gastronok
 13330 | Lair:2   | Killed Gastronok
 13751 | Lair:3   | Found a frozen archway.
 13755 | IceCv    | Entered an ice cave
 13755 | IceCv    | Noticed Britaniac's ghost (journeyman GrEE)
 13766 | IceCv    | Killed Britaniac's ghost
 13884 | IceCv    | Identified a scroll of acquirement
 14138 | IceCv    | Got an aquamarine-encrusted ring mail
 14149 | IceCv    | Identified the +4 ring mail of the Wilderness {Dex+3} (You found it in an ice cave)
 14310 | Lair:3   | Found a staircase to the Snake Pit.
 14323 | Lair:3   | Reached XP level 14. HP: 112/129 MP: 13/13
 14566 | Lair:3   | Received a gift from Trog
 14714 | Lair:3   | Reached skill level 18 in Axes
 14876 | Lair:3   | Found a staircase to the Swamp.
 15267 | Lair:4   | Found a shadowy altar of Dithmenos.
 15503 | Lair:4   | Noticed Nergalle
 15509 | Lair:4   | Killed Nergalle
 15563 | Lair:4   | Noticed Kirke
 15572 | Lair:4   | Killed Kirke
 15828 | Lair:4   | Received a gift from Trog
 16773 | Lair:6   | Entered Level 6 of the Lair of Beasts
 16828 | Lair:6   | Reached skill level 19 in Axes
 16845 | Lair:6   | Found a staircase to the Slime Pits.
 16922 | Lair:6   | Reached XP level 15. HP: 45/138 MP: 14/14
 17369 | Lair:6   | Received a gift from Trog
 17640 | Lair:6   | Found a burning altar of Makhleb.
 17648 | Lair:6   | Found a gateway to Hell.
 18338 | D:15     | Entered Level 15 of the Dungeon
 18443 | D:15     | Found Jittum's Armour Shoppe.
 19048 | D:15     | Reached skill level 20 in Axes
 19087 | D:15     | Found a staircase to the Depths.
 19376 | Orc:1    | Entered Level 1 of the Orcish Mines
 19376 | Orc:1    | Noticed Erica
 19378 | Orc:1    | Killed Erica
 19550 | Orc:1    | Received a gift from Trog
 19691 | Orc:1    | Noticed Maurice
 19796 | Orc:1    | Killed Maurice
 19899 | Orc:2    | Entered Level 2 of the Orcish Mines
 19903 | Orc:2    | Noticed Snorg
 19914 | Orc:2    | Killed Snorg
 19917 | Orc:2    | Reached skill level 15 in Fighting
 20325 | Orc:2    | Found a staircase to the Elven Halls.
 20346 | Orc:2    | Found Xatuw's Antique Weapon Shoppe.
 20346 | Orc:2    | Noticed Saint Roka
 20360 | Orc:2    | Killed Saint Roka
 20360 | Orc:2    | Reached skill level 15 in Armour
 20362 | Orc:2    | Found Elen's Antique Armour Shoppe.
 20698 | Orc:2    | Found Hure's General Store.
 20705 | Orc:2    | HP: 6/141 [ettin/dire flail (40)]
 20707 | Orc:2    | Slain by an ettin

Skill      XL: |  1  2  3  4  5  6  7  8  9 10 11 12 13 14 15 |
---------------+----------------------------------------------+-----
Axes           | 4 5 7 8 9 11 13 14 15 16 17 19 20 | 20.6
Fighting       | 6 8 10 11 13 14 15 | 15.1
Armour         | 5 7 9 11 13 14 15 | 15.0
Dodging        | 5 7 9 10 12 13 14 | 14.0

Action                   |  1- 3 |  4- 6 |  7- 9 | 10-12 | 13-15 || total
-------------------------+-------+-------+-------+-------+-------++-------
Melee: Hand axe          |    61 |   129 |   251 |   641 |   260 ||  1342
       Headbutt          |     9 |    16 |    61 |   182 |   227 ||   495
       Executioner's axe |       |       |       |       |   513 ||   513
Invok: Berserk           |     1 |     3 |     7 |    11 |     4 ||    26
       Burn Spellbooks   |       |       |       |       |     4 ||     4
       Brothers in Arms  |       |       |       |       |     6 ||     6
  Use: Scroll            |       |       |       |    15 |    21 ||    36
       Potion            |       |       |       |       |     5 ||     5
 Stab: Sleeping          |     2 |     1 |       |       |       ||     3
       Distracted        |       |       |       |       |     2 ||     2
  Eat: Chunk             |     1 |     7 |    18 |    35 |    27 ||    88
       Royal jelly       |       |       |     1 |     1 |       ||     2
       Beef jerky        |       |       |       |     1 |     2 ||     3
       Bread ration      |       |       |       |     1 |       ||     1
       Meat ration       |       |       |       |     1 |     1 ||     2
       Fruit             |       |       |       |       |     2 ||     2
Armor: Animal skin       |     8 |     9 |       |       |       ||    17
       Ring mail         |       |    29 |    32 |       |       ||    61
       Chain mail        |       |       |    42 |   182 |   434 ||   658
Dodge: Dodged            |    42 |    58 |    89 |   243 |   650 ||  1082
